 Dungeon Crawl Stone Soup version 0.30.1-11-g7821555f0a (webtiles) character file.

Game seed: 1335047804245836795

850 jtron the Stinger (level 7, -17/48 HPs)
             Began as a Demonspawn Venom Mage on Nov 26, 2023.
             Demolished by a two-headed ogre
             ... wielding a +0 giant club
              (25 damage)
             ... on level 5 of the Dungeon.
             The game lasted 00:16:50 (4031 turns).

jtron the Stinger (Demonspawn Venom Mage)           Turns: 4031, Time: 00:16:50

Health: -17/48     AC:  7    Str:  8    XL:     7   Next: 69%
Magic:  8/13       EV: 12    Int: 19    God:
Gold:   769        SH:  5    Dex: 13    Spells: 10/14 levels left

rFire   . . .        a - +2 dagger (elec)
rCold   . . .        (no shield)
rNeg    + . .        j - +0 robe
rPois   .            (helmet restricted)
rElec   .            (no cloak)
rCorr   .            h - +0 pair of gloves
SInv    .            v - +0 pair of boots {rampage}
Will    +....        u - amulet of reflection
Stlth   ++           i - ring of willpower
HPRegen 0.28/turn    s - ring of positive energy
MPRegen 0.13/turn

%: reflection, rampage
@: studying Ranged Weapons
A: antennae 1, molten scales 2, foul stench 1, spiny 1
a: no special abilities


You were on level 5 of the Dungeon.
You visited 1 branch of the dungeon, and saw 5 of its levels.

You collected 769 gold pieces.

Inventory:

Hand Weapons
 a - a +2 dagger of electrocution (weapon)
 l - a +0 sling
Missiles
 e - 36 stones (quivered)
 o - 6 boomerangs
 p - 13 poisoned darts
Armour
 h - a +0 pair of gloves (worn)
 j - a +0 robe (worn)
 v - a +0 pair of boots of rampaging (worn)
Jewellery
 i - a ring of willpower (left hand)
 s - a ring of positive energy (right hand)
 t - a ring of fire
 u - an amulet of reflection (around neck)
Scrolls
 q - a scroll of immolation
 x - a scroll of fear {unknown}
Potions
 b - 4 potions of magic
 c - a potion of degeneration {unknown}
 d - 3 potions of curing
 f - 3 potions of heal wounds
 g - a potion of berserk rage {unknown}
 k - a potion of cancellation {unknown}
 m - a potion of resistance {unknown}
 n - 2 potions of haste
 r - 3 potions of brilliance {unknown}
 z - a potion of invisibility {unknown}


   Skills:
 + Level 1.1 Fighting
 - Level 1.0 Short Blades
 + Level 0.1 Throwing
 + Level 2.3 Dodging
 + Level 2.7 Stealth
 + Level 0.1 Shields
 + Level 4.1 Spellcasting
 * Level 2.7 Conjurations
 + Level 2.8 Transmutations
 * Level 2.7 Air Magic
 + Level 4.9 Poison Magic


You had 10 spell levels left.
You knew the following spells:

 Your Spells              Type           Power      Damage    Failure   Level
a - Sting                 Tmut/Pois      72%        1d6       2%          1
b - Mephitic Cloud        Conj/Pois/Air  17%        N/A       10%         3

Your spell library contained the following spells:

 Spells                   Type           Power      Damage    Failure   Level
 Poisonous Vapours        Pois/Air       36%        N/A       4%          2
 Olgreb's Toxic Radiance  Pois           22%        N/A       17%         4


Dungeon Overview and Level Annotations

Branches:
Dungeon (5/15)
 Temple: D:4-7

Altars:

Annotations:
D:4 2 runed translucent doors, senjinn's ghost, novice FoFi


Innate Abilities, Weirdness & Mutations

You have a pair of small antennae on your head.
You are mostly covered in molten scales. (AC +3)
You may rarely emit foul miasma when damaged in melee.
You are partially covered in sharp spines.


Message History

Aim: a two-headed ogre, wielding a +0 giant club and a +0 dire flail (chance to affect: 53%)
The ball explodes into a vile cloud!
The stinking cloud engulfs the two-headed ogre but does no damage.
The two-headed ogre is engulfed in noxious fumes.
The two-headed ogre appears confused.
Casting: Mephitic Cloud (dangerous; 10% risk of failure)
Confirm with . or Enter, or press ? or * to list all spells.
Aiming: Sting (safe; 2% risk of failure)
Press: ? - help, Shift-Dir - straight line, f/p - two-headed ogre
Aim: a two-headed ogre, wielding a +0 giant club and a +0 dire flail (noxious fumes, confused, 98% to hit)
The sting hits the two-headed ogre but does no damage.
The two-headed ogre is poisoned.
The two-headed ogre is engulfed in noxious fumes.
Casting: Sting (safe; 2% risk of failure)
Confirm with . or Enter, or press ? or * to list all spells.
Aiming: Sting (safe; 2% risk of failure)
Press: ? - help, Shift-Dir - straight line, f/p - two-headed ogre
Aim: a two-headed ogre, wielding a +0 giant club and a +0 dire flail (lightly wounded, confused, poisoned, 98% to hit)
The sting hits the two-headed ogre.
The two-headed ogre looks even sicker.
The two-headed ogre is lightly wounded.
Casting: Sting (safe; 2% risk of failure)
Confirm with . or Enter, or press ? or * to list all spells.
Aiming: Sting (safe; 2% risk of failure)
Press: ? - help, Shift-Dir - straight line, f/p - two-headed ogre
Aim: a two-headed ogre, wielding a +0 giant club and a +0 dire flail (lightly wounded, confused, very poisoned, 98% to hit)
The sting hits the two-headed ogre.
The two-headed ogre looks even sicker.
The two-headed ogre is moderately wounded.
The two-headed ogre gestures wildly.
You rampage towards the two-headed ogre!
You rampage towards the two-headed ogre!
The two-headed ogre seems less confused.
The two-headed ogre hits you with a +0 giant club!!
Ouch! That really hurt!
The two-headed ogre hits you with a +0 dire flail!
* * * LOW HITPOINT WARNING * * *
You barely miss the two-headed ogre.
The two-headed ogre is moderately wounded.
The two-headed ogre hits you with a +0 giant club!!
Ouch! That really hurt!
You die...

........#......#....#
........#......#....#
........#......#....#
........#......#....#
........#...[..#....#
..##...##...######..#
..###'#####'####.####
...'...'........O.#
...#...#........@.#
.. #...#..........#
####...#..........#
..##...##...##...##
..##.).##...##...##
....†........'....#
.......†.....#....#
.............#....#
.............#....#


You could see a two-headed ogre (very poisoned).

Vanquished Creatures
  A black bear (D:5)
  An ice beast (D:5)
  An ogre (D:4)
  A centaur (D:5)
  A bullfrog (D:5)
  A scorpion (D:5)
  A hound (D:3)
  2 orc priests (D:4)
  An iguana (D:5)
  2 orc wizards
  4 gnolls (D:4)
  10 adders
  2 worms
  4 dart slugs
  10 orcs
  8 ball pythons
  5 endoplasms
  3 giant cockroaches
  2 goblins (D:1)
  6 hobgoblins
  5 quokkas
  4 bats
  4 frilled lizards
  4 kobolds
  5 rats
88 creatures vanquished.

Notes
Turn   | Place    | Note
-------+----------+-------------------------------------------
     0 | D:1      | jtron the Demonspawn Venom Mage began the quest for the
                  | Orb.
     0 | D:1      | Reached XP level 1. HP: 13/13 MP: 3/3
    97 | D:1      | Reached skill level 1 in Transmutations
   314 | D:1      | Gained mutation: You have a pair of small antennae on your
                  | head. [demonic ancestry]
   314 | D:1      | Reached XP level 2. HP: 19/19 MP: 0/5
   499 | D:1      | Found a faded altar of an unknown god.
   822 | D:2      | Gained mutation: You may rarely emit foul miasma when
                  | damaged in melee. [demonic ancestry]
   822 | D:2      | Reached XP level 3. HP: 24/24 MP: 6/6
  1636 | D:3      | Learned a level 3 spell: Mephitic Cloud
  1649 | D:3      | Reached XP level 4. HP: 30/30 MP: 1/7
  1922 | D:3      | Reached skill level 1 in Short Blades
  1922 | D:3      | Gained mutation: You are partially covered in molten
                  | scales. (AC +2) [demonic ancestry]
  1922 | D:3      | Reached XP level 5. HP: 30/35 MP: 9/9
  2329 | D:4      | Reached skill level 1 in Conjurations
  2379 | D:4      | Noticed an ogre
  2389 | D:4      | Killed an ogre
  2390 | D:4      | Reached skill level 1 in Air Magic
  2390 | D:4      | Gained mutation: You are partially covered in sharp spines.
                  | [demonic ancestry]
  2390 | D:4      | Reached XP level 6. HP: 42/42 MP: 3/10
  2496 | D:4      | Found a runed translucent door.
  2501 | D:4      | Noticed senjinn's ghost (novice FoFi)
  2572 | D:4      | Identified 2 scrolls of acquirement
  2572 | D:4      | Acquired 460 gold pieces
  2574 | D:4      | Acquired a +0 pair of boots of rampaging
  3156 | D:4      | Found a runed translucent door.
  3261 | D:5      | Entered Level 5 of the Dungeon
  3301 | D:5      | Noticed an ice beast
  3572 | D:5      | Noticed a two-headed ogre
  3648 | D:5      | Gained mutation: You are mostly covered in molten scales.
                  | (AC +3) [demonic ancestry]
  3648 | D:5      | Reached XP level 7. HP: 46/47 MP: 8/12
  3791 | D:5      | Reached skill level 1 in Fighting
  4031 | D:5      | Demolished by a two-headed ogre

Illustrated notes

Levels and vault maps discovered:
D:1:      minmay_arrival_four_houses, layout_rooms,
          chequers_ecumenical_altar_simple_redux
D:2:      layout_loops_ring, hex_tiny
D:3:      minmay_general_purpose_star, layout_rooms, uniq_jessica
D:4:      layout_loops_ring, ebering_ghost_sewer_f, kennysheep_generic_room_16
D:5:      layout_gridville, minmay_manual_mandibuliform

Skill      XL: |  1  2  3  4  5  6  7 |
---------------+----------------------+-----
Transmutations | 1 2 |  2.8
Stealth        | 2 |  2.7
Poison Magic   | 4 |  4.9
Short Blades   | 1 |  1.0
Dodging        | 2 |  2.3
Spellcasting   | 3 4 |  4.1
Conjurations   | 1 2 |  2.7
Air Magic      | 1 2 |  2.7
Fighting       | 1 |  1.1
Throwing       | |  0.1
Shields        | |  0.1

Action                     |  1- 3 |  4- 6 |  7- 9 || total
---------------------------+-------+-------+-------++-------
  Melee: Dagger            |    64 |    89 |    18 ||   171
         Punch             |     1 |     1 |       ||     2
  Throw: Stone             |     2 |     7 |       ||     9
   Cast: Sting             |    40 |    42 |    10 ||    92
         Mephitic Cloud    |     1 |     4 |     7 ||    12
    Use: Scroll            |     5 |     7 |     1 ||    13
   Stab: Sleeping          |     3 |     1 |       ||     4
         Confused          |       |     2 |     1 ||     3
 Armour: Robe              |    17 |    21 |     7 ||    45
  Dodge: Dodged            |    55 |    50 |    14 ||   119
  Block: Other             |       |    10 |     3 ||    13
         Reflection        |       |       |     1 ||     1
